 Dungeon Crawl Stone Soup version 0.27.1-33-g824d729ab1 (webtiles) character file.

Game seed: 16956101699996046881

734 jlumianski the Skirmisher (level 7, -5/66 HPs)
             Began as a Gargoyle Monk on Dec 10, 2021.
             Slain by Duvessa (8 damage)
             ... on level 6 of the Dungeon.
             The game lasted 00:20:16 (4643 turns).

jlumianski the Skirmisher (Gargoyle Monk)           Turns: 4643, Time: 00:20:16

Health: -5/66      AC: 11    Str: 23    XL:     7   Next: 74%
Magic:  0/7        EV:  2    Int: 10    God:
Gold:   190        SH:  8    Dex: 12    Spells: 6/6 levels left

rFire    . . .     SeeInvis .   m - +0 rapier (elec)
rCold    . . .     Faith    .   u - +0 kite shield
rNeg     + + +     Spirit   +   (armour currently unavailable)
rPois    ∞         Reflect  .   (helmet currently unavailable)
rElec    .         Harm     .   (cloak currently unavailable)
rCorr    .         Rampage  .   (gloves currently unavailable)
Will     .....     NoTele   +   (boots currently unavailable)
Stlth    ++........             A - amulet of guardian spirit
HPRegen  0.21/turn              e - +4 ring of evasion
MPRegen  0.10/turn              s - +6 ring of strength

@: tree-form, corroded
A: stationary, stasis, torment immunity, boosted hp, sickness immunity, AC +4,
negative energy resistance 1, (electricity resistance), torment resistance 1,
petrification resistance
a: no special abilities


You were on level 6 of the Dungeon.
You were a tree.
You visited 1 branch of the dungeon, and saw 7 of its levels.

You collected 190 gold pieces.

Inventory:

Hand Weapons
 a - a +0 hand axe of freezing
 f - a +0 dagger
 l - a +1 dagger of venom
 m - a +0 rapier of electrocution (weapon)
Missiles
 i - 67 stones
 n - 20 sling bullets
 p - 69 bolts
 q - 5 silver boomerangs
 w - 7 boomerangs (quivered)
 x - 5 curare-tipped darts
Armour
 b - a +0 robe
 c - a +0 helmet (melded)
 o - a +0 pair of boots (melded)
 r - a +0 leather armour
 u - a +0 kite shield (worn)
 v - a +0 ring mail
 y - a +1 ring mail of cold resistance (melded)
 I - a +0 helmet
Magical Staves
 D - a staff of fire
Jewellery
 e - a +4 ring of evasion (left branch)
 h - a ring of willpower
 k - a ring of resist corrosion
 s - a +6 ring of strength (right branch)
 A - an amulet of guardian spirit (around neck)
Wands
 G - a wand of polymorph (7)
Scrolls
 g - a scroll of amnesia
 j - 7 scrolls of teleportation
 B - a scroll of identify
 J - a scroll of magic mapping
 K - a scroll of noise {unknown}
Potions
 d - 2 potions of mutation
 t - a potion of lignification
 z - a potion of resistance {unknown}
 C - a potion of curing
 E - a potion of might {unknown}
 F - a potion of heal wounds {unknown}
 H - a potion of brilliance {unknown}
 L - a potion of magic {unknown}


   Skills:
 + Level 4.5 Fighting
 + Level 4.1 Short Blades
 + Level 3.7 Axes
 + Level 0.7 Throwing
 + Level 2.4 Armour
 + Level 3.3 Dodging
 + Level 4.1 Stealth
 + Level 1.7 Shields
 + Level 0.1 Unarmed Combat


You had 6 spell levels left.
You didn't know any spells.
Your spell library contained the following spells:

 Spells                   Type           Power      Damage    Failure   Level
 Slow                     Hex            0%         N/A       97%         2
 Confusing Touch          Hex            0%         N/A       99%         3
 Vampiric Draining        Necr           0%         2d6       99%         3


Dungeon Overview and Level Annotations

Branches:
Dungeon (7/15)
 Temple: D:4-7

Altars:

Shops:
D:1 =   D:4 *

Annotations:
D:4 Pikel
D:6 Dowan, Duvessa


Innate Abilities, Weirdness & Mutations

You are a tree.
Your roots penetrate the ground, keeping you stationary.
You cannot be teleported.
You are immune to unholy pain and torment.
Your maximum health is greatly increased.
Your equipment is partially melded.
You are immune to sickness and miasma.
((Your stone body is resilient. (AC +4)))
You are immune to poison.
You resist negative energy. (rN+)
((You are resistant to electric shocks. (rElec)))
You are resistant to unholy torment.
You are immune to petrification.


Message History

The hound bites you. The hound bites you. You block the hound's attack.
You block the hound's attack. You block the hound's attack.
A killer bee zombie comes into view.
The hound bites you. The hound bites you. The hound barely misses you.
The hound bites you but does no damage.
The jelly jiggles.
Duvessa closely misses you. The hound barely misses you.
The hound stops to sniff the ground.
You block Duvessa's attack. The hound bites you.
The sentinel's mark upon you fades away.
The hound closely misses you. Duvessa barely misses you.
The hound barely misses you.
Duvessa hits you with a +0 rapier of venom!
* * * LOW HITPOINT WARNING * * *
The killer bee zombie closely misses you.
The hound bites you.
* * * LOW HITPOINT WARNING * * *
You block Duvessa's attack.
It was a potion of lignification.
You turn into a tree.
Your +0 helmet melds into your body.
Your +0 pair of boots melds into your body.
Your +1 ring mail of cold resistance melds into your body.
You feel less resistant to cold.
Your roots penetrate the ground.
The hound bites you but does no damage.
Duvessa hits you with a +0 rapier of venom.
* * * LOW HITPOINT WARNING * * *
Dowan casts a spell.
Dowan blinks!
It was a potion of curing.
You feel better.
Duvessa hits you with a +0 rapier of venom!
* * * LOW HITPOINT WARNING * * *
You block the hound's attack.
Duvessa hits you with a +0 rapier of venom!
You die...

#..# ##.....##.....
#..# ##§.....).#
#.## ##....#### #[#
##.Y..# ..# #.....#
..### ##...J.##
....## ##...##ZS#
.....####...###eh##
...........## ##♣.#
..........## #..#
.........## ##..#
.........## #.#
..........# ..
..#######.## #.#
### ##.# .. #.# .##
###


You could see Duvessa (fast), an ice beast, a hound, a jelly, an adder and a
killer bee zombie.

Vanquished Creatures
  Sigmund (D:4)
  An ice beast (D:6)
  An ogre (D:5)
  A lemure (D:3)
  A scorpion (D:6)
  2 jellies (D:2)
  3 iguanas
  Robin (D:4)
  7 adders
  4 worms
  A dart slug (D:2)
  7 orcs
  3 ball pythons
  9 bats
  15 endoplasms
  5 giant cockroaches
  12 goblins
  11 hobgoblins
  A jackal (D:3)
  2 quokkas
  4 frilled lizards
  16 kobolds
  5 rats
113 creatures vanquished.

Vanquished Creatures (others)
  3 fungi (D:2)
  9 toadstools (D:2)
12 creatures vanquished.

Grand Total: 125 creatures vanquished

Notes
Turn   | Place    | Note
-------+----------+-------------------------------------------
     0 | D:1      | jlumianski the Gargoyle Monk began the quest for the Orb.
     0 | D:1      | Reached XP level 1. HP: 14/14 MP: 1/1
   128 | D:1      | Reached XP level 2. HP: 16/19 MP: 2/2
   318 | D:1      | Found Jusaac's Jewellery Emporium.
   515 | D:1      | Found a faded altar of an unknown god.
   672 | D:1      | Reached XP level 3. HP: 24/24 MP: 3/3
  1140 | D:2      | Reached XP level 4. HP: 28/29 MP: 4/4
  1464 | D:2      | Reached XP level 5. HP: 33/33 MP: 5/5
  1831 | D:2      | Reached skill level 1 in Short Blades
  3363 | D:4      | Found Dydwaits's General Store.
  3518 | D:4      | Noticed a lemure
  3520 | D:4      | Noticed Pikel
  3520 | D:4      | Noticed a lemure
  3520 | D:4      | Noticed a lemure
  3520 | D:4      | Noticed a lemure
  3560 | D:3      | Killed a lemure
  3652 | D:4      | Noticed Sigmund
  3663 | D:4      | Killed Sigmund
  3664 | D:4      | Reached skill level 1 in Armour
  3664 | D:4      | Reached XP level 6. HP: 38/38 MP: 6/6
  3967 | D:5      | Entered Level 5 of the Dungeon
  3993 | D:5      | Reached skill level 1 in Shields
  3993 | D:5      | Reached XP level 7. HP: 25/44 MP: 2/7
  4220 | D:4      | Noticed Robin
  4339 | D:4      | Killed Robin
  4471 | D:4      | You fall into a shaft and drop 2 floors!
  4610 | D:6      | Noticed Dowan
  4610 | D:6      | Noticed Duvessa
  4643 | D:6      | HP: 3/66 [Duvessa (9)]
  4643 | D:6      | Slain by Duvessa

Illustrated notes

Levels and vault maps discovered:
D:1:      lemuel_arrival_funnel, layout_rooms,
          shapermc_ecumenical_altar_totnotflames, serial_shops,
          nicolae_shop_statue_plus
D:2:      cheibrodos_fertilizer, layout_basic, minmay_fractal_squares_gapless_5
D:3:      layout_loops_ring
D:4:      layout_loops_ring, serial_shops, shop, kennysheep_nub,
          kennysheep_generic_room_2, uniq_robin, uniq_sigmund, uniq_pikel
D:5:      layout_loops_corners, lemuel_doored_altar, marbit_many_paths,
          uniq_menkaure
D:6:      layout_layer_cave, serial_shops, nicolae_square_shop, uniq_duvessa,
          uniq_crazy_yiuf_cottage
D:7:      layout_loops_cross, minmay_overflow_temple_star_quad, temple_green,
          uniq_harold, uniq_maggie

Skill      XL: |  1  2  3  4  5  6  7 |
---------------+----------------------+-----
Axes           | 3 |  3.7
Fighting       | 4 |  4.5
Dodging        | 3 |  3.3
Stealth        | 3 4 |  4.1
Short Blades   | 2 3 4 |  4.1
Armour         | 1 2 |  2.4
Shields        | 1 |  1.7
Throwing       | |  0.7
Unarmed Combat | |  0.1

Action                   |  1- 3 |  4- 6 |  7- 9 || total
-------------------------+-------+-------+-------++-------
Melee: Hand axe          |    72 |       |       ||    72
       Rapier            |    20 |   170 |    39 ||   229
       Unarmed           |       |       |     3 ||     3
Throw: Stone             |       |    14 |       ||    14
       Boomerang         |       |     4 |     3 ||     7
  Use: Scroll            |       |     6 |       ||     6
       Potion            |       |       |     2 ||     2
 Stab: Sleeping          |     3 |     8 |     1 ||    12
       Distracted        |       |     2 |       ||     2
Armor: Robe              |    25 |     5 |       ||    30
       Leather armour    |       |    18 |       ||    18
       Ring mail         |       |    28 |    20 ||    48
       Skin              |       |       |     1 ||     1
Dodge: Dodged            |    85 |   100 |    33 ||   218
Block: Kite shield       |       |    40 |    23 ||    63
